 Dungeon Crawl Stone Soup version 0.27-a0-1071-ga85bd9520d (webtiles) character file.

Game seed: 14775391992602613917

177 sanka the Skirmisher (level 5, -2/42 HPs)
             Began as a Djinni Summoner on Apr 24, 2021.
             Slain by an orc
             ... wielding a +0 trident
              (6 damage)
             ... on level 3 of the Dungeon.
             The game lasted 00:04:07 (3641 turns).

sanka the Skirmisher (Djinni Summoner)              Turns: 3641, Time: 00:04:07

Health: -2/42      AC:  3    Str:  7    XL:     5   Next: 57%
Gold:   173        EV: 12    Int: 17    God:
                   SH:  0    Dex: 14

rFire    + + .     SeeInvis .   n - +0 rapier
rCold    x . .     Faith    .   (no shield)
rNeg     . . .     Spirit   .   a - +0 robe
rPois    ∞         Reflect  .   c - +0 helmet
rElec    .         Harm     .   (no cloak)
rCorr    .         Rampage  .   (no gloves)
Will     .....                  (boots unavailable)
Stlth    ++........             (no amulet)
HPRegen  0.14/turn              (no ring)
MPRegen  0.00/turn              (no ring)

@: flying
A: fire resistance 2, cold vulnerability 1, float, innate caster, hp casting,
extra vitality 1
a: no special abilities


You were on level 3 of the Dungeon.
You visited 1 branch of the dungeon, and saw 3 of its levels.

You collected 173 gold pieces.


Innate Abilities, Weirdness & Mutations

You are immune to poison.
Your flesh is very heat resistant. (rF++)
You are vulnerable to cold. (rC-)
You float through the air rather than walking.
You learn spells naturally, not from books.
Your magical power is your life essence.
You have superior vitality. (+4 HP)


   Skills:
 + Level 4.7 Fighting
 - Level 2.1 Dodging
 - Level 1.5 Stealth
 - Level 4.0 Spellcasting


You couldn't memorise any spells.
You knew the following spells:

 Your Spells              Type           Power      Damage    Failure   Level
c - Call Canine Familiar  Summ           17%        N/A       9%          3
u - Ensorcelled Hibernat  Hex/Ice        34%        N/A       4%          2
v - Summon Ice Beast      Ice/Summ       17%        N/A       30%         4
x - Summon Small Mammal   Summ           68%        N/A       3%          1
y - Shock                 Conj/Air       68%        1d7       3%          1
z - Call Imp              Summ           17%        N/A       4%          2
X - Summon Lightning Spi  Summ/Air       17%        N/A       30%         4
Z - Summon Guardian Gole  Hex/Summ       17%        N/A       9%          3
Your spell library was empty.

Inventory:

Hand Weapons
 n - a +0 rapier (weapon)
Armour
 a - a +0 robe (worn)
 c - a +0 helmet (worn)
Jewellery
 o - a ring of flight
Scrolls
 e - 2 scrolls of enchant weapon {unknown}
 g - 3 scrolls of identify {unknown}
 h - a scroll of enchant armour {unknown}
 i - 3 scrolls of torment {unknown}
 j - a scroll of noise {unknown}
 k - a scroll of teleportation {unknown}
 m - a scroll of fear {unknown}
Potions
 b - a potion of brilliance {unknown}
 d - a potion of mutation {unknown}
 f - 2 potions of heal wounds {unknown}
 l - a potion of flight {unknown}
 p - a potion of might {unknown}

Dungeon Overview and Level Annotations

Branches:
Dungeon (3/15)

Altars:

▒▒▒▒ ▒▒▒▒▒▒▒▒▒ ..)▒
▒..J)Jo.▒ ▒▒>▒
▒▒▒▒▒▒▒▒.▒▒▒▒▒.▒ ▒.▒
▒5o...o.5▒ ▒.▒▒ ▒.▒
▒▒▒▒▒▒▒▒▒▒5▒▒▒▒▒▒.▒
▒o.. ▒.▒ ▒........R..▒
▒.▒ ▒..▒ ▒.▒
▒.▒▒▒▒▒▒▒▒..▒
▒.▒▒▒▒▒..▒
▒▒.▒▒▒▒▒.▒▒▒▒▒▒▒▒..▒▒
▒........▒
..................▒.▒▒
▒▒▒▒.▒.†.▒
.........▒▒▒▒▒▒▒.▒▒▒>▒▒
▒ ▒...▒ ▒▒▒▒▒.▒▒▒▒ ▒.▒▒
▒▒.▒ ..... ▒ ▒.▒
▒..▒▒▒..▒ ...▒▒▒ ▒
▒.▒▒▒▒▒▒▒ ▒.▒.▒.▒.▒
.... ▒
▒.▒≈≈≈≈≈▒▒▒.▒▒.▒▒.▒
▒....


You could see an orc (ally target), a friendly crimson imp (summoned) and a
friendly white imp (summoned).


Message History

* * * LOW HITPOINT WARNING * * *
The orc barely misses you.
You closely miss the orc.
The orc is lightly wounded.
The orc barely misses you.
Items here: ! ) [ †.
Your crimson imp hits the orc.
The orc hits your crimson imp but does no damage.
Your crimson imp hits the orc.
The orc dies!
The endoplasm jiggles.
Your crimson imp completely misses the endoplasm.
A beastly little devil appears in a puff of frigid air.
* * * LOW HITPOINT WARNING * * *
Unknown command.
You hit the endoplasm.
The endoplasm is almost dead.
Your white imp hits the endoplasm.
The endoplasm dies!
The orc hits your white imp but does no damage.
Your white imp gestures at the orc.
The puff of frost hits the orc!
The orc dies!
You start resting.
An orc comes into view. It is wielding a +0 trident.
The orc hits you from afar with a +0 trident!
* * * LOW HITPOINT WARNING * * *
Your crimson imp hits the orc.
The orc hits you from afar with a +0 trident.
You die...

Action                   |  1- 3 |  4- 6 || total
-------------------------+-------+-------++-------
Melee: Unarmed           |    10 |       ||    10
       Dagger            |    23 |       ||    23
       Short sword       |    29 |       ||    29
       Rapier            |    37 |    25 ||    62
 Cast: Summon Small Mamm |    15 |       ||    15
       Call Imp          |    12 |     6 ||    18
 Stab: Sleeping          |     6 |       ||     6
Armor: Robe              |    20 |     3 ||    23
Dodge: Dodged            |    63 |    20 ||    83

Levels and vault maps discovered:
D:1:      scummos_arrival_simple_fountains, layout_basic,
          ebering_ecumenical_altar_petrified, hangedman_decor_push,
          minmay_misc_feat_four_crosses, minmay_pentomino_z2
D:2:      layout_basic, basic_altar, serial_shops, nicolae_shop_statue_plus
D:3:      layout_loops_ring, minmay_crystal_water, corexii_leaking_fountain,
          minmay_misc_feat_diagonals, kennysheep_cross_room, uniq_sigmund,
          uniq_jessica

Notes
Turn   | Place    | Note
-------+----------+-------------------------------------------
     0 | D:1      | sanka the Djinni Summoner began the quest for the Orb.
     0 | D:1      | Reached XP level 1. HP: 15/15 MP: 0/0
   445 | D:1      | Reached XP level 2. HP: 15/21 MP: 0/0
   536 | D:1      | Reached skill level 4 in Spellcasting
  1110 | D:1      | Reached skill level 1 in Fighting
  1655 | D:1      | Found a faded altar of an unknown god.
  1749 | D:2      | Reached XP level 3. HP: 17/28 MP: 0/0
  1749 | D:2      | Learned a level 1 spell: Shock
  2008 | D:2      | Reached skill level 2 in Fighting
  2677 | D:2      | You are sucked into a shaft and drop 1 floor!
  2834 | D:3      | Reached XP level 4. HP: 11/34 MP: 0/0
  3114 | D:3      | Reached skill level 3 in Fighting
  3584 | D:3      | Noticed Sigmund
  3610 | D:3      | Killed Sigmund
  3611 | D:3      | Reached skill level 4 in Fighting
  3611 | D:3      | Reached XP level 5. HP: 12/42 MP: 0/0
  3611 | D:3      | Learned a level 2 spell: Ensorcelled Hibernation
  3639 | D:3      | HP: 4/42 [orc/+0 trident (7)]
  3641 | D:3      | Slain by an orc

Vanquished Creatures
  Sigmund (D:3)
  A hound (D:3)
  3 adders
  A dart slug (D:1)
  An orc (D:3)
  A giant cockroach (D:1)
  2 goblins
  3 hobgoblins (D:1)
  2 ball pythons (D:1)
  3 bats
  A frilled lizard (D:1)
  2 kobolds
  A rat (D:2)
22 creatures vanquished.

Vanquished Creatures (collateral kills)
  An adder (D:2)
  2 worms
  2 dart slugs (D:1)
  2 orcs (D:3)
  2 endoplasms
  A goblin (D:1)
  2 hobgoblins
  A quokka (D:3)
  A ball python (D:1)
  3 frilled lizards (D:1)
  A kobold (D:1)
18 creatures vanquished.

Vanquished Creatures (others)
  3 withered plants (D:1)
3 creatures vanquished.

Grand Total: 43 creatures vanquished
